 Dungeon Crawl Stone Soup version 0.29.1-12-g30fa7ad0bf (webtiles) character file.

Game seed: 225156737165057698

1963 mortz the Chopper (level 9, 0/89 HPs)
             Began as a Troll Fighter on Dec 22, 2022.
             Slain by an orc
             ... wielding a +0 trident
              (4 damage)
             ... on level 7 of the Dungeon.
             The game lasted 00:42:16 (5265 turns).

mortz the Chopper (Troll Fighter)                   Turns: 5265, Time: 00:42:17

Health: 0/89       AC:  8    Str: 30    XL:     9   Next: 0%
Magic:  8/8        EV:  8    Int:  4    God:
Gold:   265        SH:  7    Dex:  9    Spells: 8/8 levels left

rFire   + . .      SeeInvis .   a - +1 war axe
rCold   . . .      Faith    .   c - +0 kite shield
rNeg    . . .      Spirit   .   J - +0 robe
rPois   .          Reflect  .   (helmet restricted)
rElec   .          Harm     .   (no cloak)
rCorr   .          Rampage  .   (gloves unavailable)
Will    .....                   (boots unavailable)
Stlth   +.........              F - amulet of regeneration
HPRegen 1.84/turn               n - +4 ring of protection
MPRegen 0.11/turn               u - ring of protection from fire

@: no status effects
A: large, unfitting armour, claws 3, regeneration 1, shaggy fur 1, tough skin 1
a: no special abilities


You were on level 7 of the Dungeon.
You visited 1 branch of the dungeon, and saw 7 of its levels.
You also visited: Ossuary.

You collected 353 gold pieces.
You spent 88 gold pieces at shops.

Inventory:

Hand Weapons
 a - a +1 war axe (weapon)
 b - a +0 sling
 e - a +0 flail
 i - a +2 whip of holy wrath
 p - a +0 spear
 x - a +0 halberd
 y - a +1 falchion of freezing
 C - a +0 hand axe
 E - a +0 trident
Missiles
 k - 27 stones
 o - 5 atropa-tipped darts
 w - 23 poisoned darts
 D - 9 boomerangs (quivered)
Armour
 c - a +0 kite shield (worn)
 J - a +0 robe (worn)
Jewellery
 h - a +6 ring of intelligence
 n - a +4 ring of protection (left claw)
 u - a ring of protection from fire (right claw)
 F - an amulet of regeneration (around neck)
Wands
 q - a wand of paralysis (4)
Scrolls
 f - 2 scrolls of magic mapping
 l - a scroll of fear
 A - a scroll of teleportation
 B - 9 scrolls of identify
 H - a scroll of blinking
 I - a scroll of amnesia
Potions
 d - 3 potions of might
 g - a potion of resistance
 j - 5 potions of curing
 m - 5 potions of haste
 r - a potion of lignification
 s - a potion of magic
 t - 7 potions of mutation
 v - 2 potions of attraction
 z - 3 potions of flight
 G - a potion of invisibility


   Skills:
 + Level 6.0 Fighting
 * Level 7.1 Axes
 - Level 2.4 Dodging
 - Level 2.6 Shields
 + Level 3.4 Evocations


You had 8 spell levels left.
You didn't know any spells.
Your spell library contained the following spells:

 Spells                   Type           Power      Damage    Failure   Level
 Slow                     Hex            0%         N/A       80%         1
 Call Canine Familiar     Summ           0%         N/A       99%         3
 Confusing Touch          Hex            0%         N/A       99%         3
 Portal Projectile        Hex/Tloc       0%         N/A       99%         3
 Vampiric Draining        Necr           0%         2d6       99%         3
 Leda's Liquefaction      Hex/Erth       0%         N/A       100%        4


Dungeon Overview and Level Annotations

Branches:
Dungeon (7/15) Zot: 26737 Ossuary (visited)
 Temple: D:4-7

Altars:
Ashenzari
Dithmenos
Fedhas
Gozag
Nemelex Xobeh
Sif Muna
Uskayaw
Yredelemnul

Shops:
D:1 *   D:5 :   D:6 *

Portals:
Abyss: D:6

Annotations:
D:3 1 runed translucent door, javelincjr's ghost, amateur HOFi
D:6 2 transporters, mortz's ghost, novice HOAK


Innate Abilities, Weirdness & Mutations

You are too large for most types of armour.
You have claws for hands.
Your natural rate of healing is unusually fast.
You are covered in fur. (AC +1)
You have tough skin. (AC +1)


Message History

You are too injured to fight recklessly!
You are too injured to fight recklessly!
You are too injured to fight recklessly!
You are too injured to fight recklessly!
You are too injured to fight recklessly!
You are too injured to fight recklessly!
You closely miss the bullfrog. You barely miss the orc warrior.
The bullfrog completely misses you. The bullfrog hits you.
You barely miss the bullfrog. You barely miss the orc warrior.
You slash the orc!
You kill the orc!
The bullfrog hits you. The orc completely misses you.
The orc warrior hits you with a +0 trident.
The bullfrog barely misses you.
You hit the bullfrog.
The bullfrog is lightly wounded.
You barely miss the orc warrior. The bullfrog hits you.
The orc warrior hits you with a +0 trident!
* * * LOW HITPOINT WARNING * * *
The orc closely misses you.
The orc warrior hits you with a +0 trident!
* * * LOW HITPOINT WARNING * * *
You feel better.
The orc hits you from afar with a +0 trident.
* * * LOW HITPOINT WARNING * * *
The orc warrior barely misses you.
You hit the orc warrior but do no damage.
The orc warrior is severely wounded.
You barely miss the bullfrog. The bullfrog hits you.
* * * LOW HITPOINT WARNING * * *
The bullfrog completely misses you. The orc warrior closely misses you.
You barely miss the orc warrior.
The orc warrior is severely wounded.
You completely miss the bullfrog.
The bullfrog swells and bulges.
The orc closely misses you.
The orc warrior hits you with a +0 trident!
* * * LOW HITPOINT WARNING * * *
The orc hits you from afar with a +0 trident.
You die...

.....##### #o........ #.........
#o........ #......... #.........
#......... ##########.........
(......@F....##########
.......o)o<..#.........
.............#.........
.............#.........
.............#.##...##.
#####+####.........#†##'####+#
.........+♣♣♣♣♣....#.........# ##
..........♣.♣.♣♣...#.........##..
.........♣.♣.♣.....#.............


You could see an orc warrior, a bullfrog and an orc.

Vanquished Creatures
  Menkaure (D:5)
  A hornet zombie (D:7)
  An ice beast (D:6)
  2 ogres
  A centaur (D:6)
  2 phantoms
  A kobold brigand (D:6)
  2 necrophages
  4 scorpions
  A water moccasin zombie (Ossuary)
  A howler monkey (D:4)
  5 centaur zombies (D:7)
  A gnoll bouda (D:4)
  2 orc priests
  3 iguanas
  2 orc wizards
  A killer bee zombie (D:7)
  2 mummies (Ossuary)
  A howler monkey zombie (D:7)
  7 gnolls
  11 adders
  A shadow imp (D:5)
  A white imp (D:6)
  9 adder zombies (Ossuary)
  A worm (D:2)
  2 dart slugs
  16 orcs
  7 ball pythons
  6 endoplasms
  3 giant cockroaches (D:1)
  4 gnoll zombies (Ossuary)
  6 goblins
  4 hobgoblins
  10 kobolds
  7 quokkas
  10 bats
  2 frilled lizards
  3 hobgoblin zombies (Ossuary)
  2 kobold zombies (Ossuary)
  4 orc zombies (Ossuary)
  5 rats
155 creatures vanquished.

Notes
Turn   | Place    | Note
-------+----------+-------------------------------------------
     0 | D:1      | mortz the Troll Fighter began the quest for the Orb.
     0 | D:1      | Reached XP level 1. HP: 22/22 MP: 0/0
    18 | D:1      | Reached skill level 2 in Axes
    18 | D:1      | Reached XP level 2. HP: 29/29 MP: 1/1
   147 | D:1      | Found Riogifro's General Store.
   176 | D:1      | Reached XP level 3. HP: 37/37 MP: 2/2
   756 | D:2      | Reached XP level 4. HP: 45/45 MP: 3/3
   909 | D:2      | Reached skill level 3 in Axes
   983 | D:2      | Found a blossoming altar of Fedhas.
  1275 | D:1      | Bought a potion of heal wounds for 55 gold pieces
  1406 | D:3      | Found a runed translucent door.
  1406 | D:3      | Noticed javelincjr's ghost (amateur HOFi)
  1417 | D:3      | Reached XP level 5. HP: 54/54 MP: 4/4
  1961 | D:4      | Noticed a phantom
  1974 | D:4      | Killed a phantom
  1975 | D:4      | Reached XP level 6. HP: 56/62 MP: 5/5
  2084 | D:4      | Reached skill level 4 in Axes
  2181 | D:4      | Reached skill level 1 in Evocations
  2239 | D:4      | Found a hide-covered altar of Uskayaw.
  2587 | D:4      | Reached XP level 7. HP: 70/71 MP: 6/6
  2617 | D:4      | Found a sparkling altar of Nemelex Xobeh.
  2839 | D:1      | Bought a scroll of identify for 22 gold pieces
  2839 | D:1      | Bought a potion of degeneration for 11 gold pieces
  2933 | D:5      | Entered Level 5 of the Dungeon
  3111 | D:5      | Noticed Menkaure
  3115 | D:5      | Killed Menkaure
  3116 | D:5      | Reached skill level 5 in Fighting
  3116 | D:5      | Reached skill level 5 in Axes
  3164 | D:5      | Found a shimmering blue altar of Sif Muna.
  3333 | D:5      | Found Guqeos's Tremendous Tomes.
  3436 | D:5      | Found a broken altar of Ashenzari.
  3623 | D:5      | Found a shadowy altar of Dithmenos.
  4078 | D:5      | Reached XP level 8. HP: 28/80 MP: 7/7
  4237 | D:6      | Found a sand-covered staircase.
  4241 | Ossuary  | Entered an ossuary
  4306 | Ossuary  | Reached skill level 6 in Axes
  4509 | D:6      | Found a one-way gate to the infinite horrors of the Abyss.
  4509 | D:6      | Noticed mortz's ghost (novice HOAK)
  4521 | D:6      | Found a transporter.
  4549 | D:6      | Noticed a green ugly thing
  4554 | D:6      | Found a transporter.
  4667 | D:6      | Found an opulent altar of Gozag.
  4785 | D:6      | Found Ganimp's General Store.
  5133 | D:7      | Found a basalt altar of Yredelemnul.
  5168 | D:7      | Reached skill level 7 in Axes
  5260 | D:7      | Reached XP level 9. HP: 35/89 MP: 8/8
  5265 | D:7      | HP: 4/89 [orc warrior/+0 trident (7)]
  5265 | D:7      | Slain by an orc

Illustrated notes

Levels and vault maps discovered:
D:1:      amcnicky_arrival_choice, layout_rooms, serial_shops, shop,
          minmay_tromino_v7
D:2:      layout_rooms, basic_altar, grunt_ministairs_11
D:3:      layout_rooms, hellmonk_ghost_happy_afterlife
D:4:      layout_basic, mainiacjoe_overflow_small_starburst,
          nemelex_dance_club_becter, serial_glass, glass_columns_c,
          glass_columns_a, chequers_jeans, kennysheep_generic_room_15
D:5:      layout_loops_ring, grunt_dithmenos_shadows,
          mainiacjoe_overflow_24_doors, mainiacjoe_overflow_chevrons,
          kennysheep_small_spiral, nicolae_shop_i_like_big_books,
          minmay_misc_feat_tower, hangedman_decor_clover_reticule,
          chequers_serial_rivers_large_a, uniq_menkaure
D:6:      layout_basic, grunt_gozag_breadcrumbs, gammafunk_ghost_abyssal_escape,
          serial_shops, shop, nicolae_ossuary_entry_plus
D:7:      layout_gridville, nicolae_yredelemnul_corpse_copse,
          minmay_temple_entry_antechambers, grunt_ministairs_4

Skill      XL: |  1  2  3  4  5  6  7  8 |
---------------+-------------------------+-----
Axes           | 2 3 4 5 7 |  7.1
Fighting       | 3 4 5 6 |  6.0
Evocations     | 1 2 3 |  3.4
Dodging        | |  2.4
Shields        | |  2.6

Action                   |  1- 3 |  4- 6 |  7- 9 || total
-------------------------+-------+-------+-------++-------
Melee: War axe           |   141 |   184 |   270 ||   595
Throw: Stone             |     3 |     2 |       ||     5
       Dart              |       |       |     4 ||     4
       Boomerang         |       |       |    14 ||    14
  Use: Scroll            |     3 |    10 |     5 ||    18
       Potion            |       |       |     3 ||     3
 Stab: Sleeping          |       |     1 |       ||     1
Armor: Robe              |    67 |    97 |   149 ||   313
Dodge: Dodged            |    65 |    65 |   121 ||   251
Block: Kite shield       |    63 |    59 |   109 ||   231
